 Dungeon Crawl Stone Soup version 0.29-a0-330-g52719c12eb (webtiles) character file.

Game seed: 3278307719183094791

21 Klosterheim the Stinger (level 3, -1/25 HPs)
             Began as a Formicid Venom Mage on May 2, 2022.
             Slain by an adder (3 damage)
             ... on level 2 of the Dungeon.
             The game lasted 00:02:10 (869 turns).

Klosterheim the Stinger (Formicid Venom Mage)        Turns: 869, Time: 00:02:11

Health: -1/25      AC:  2    Str: 12    XL:     3   Next: 5%
Magic:  1/6        EV: 12    Int: 16    God:
Gold:   42         SH:  0    Dex: 11    Spells: 5/6 levels left

rFire   . . .      SeeInvis +   f - +2 mace (drain)
rCold   . . .      Faith    .   (no shield)
rNeg    . . .      Spirit   .   a - +0 robe
rPois   .          Reflect  .   (helmet unavailable)
rElec   .          Harm     .   (no cloak)
rCorr   .          Rampage  .   (no gloves)
Will    .....                   (no boots)
Stlth   ++........              (no amulet)
HPRegen 0.08/turn               (no ring)
MPRegen 0.10/turn               (no ring)

@: lethally poisoned (-1 -> -5)
A: permanent stasis, dig shafts and tunnels, antennae 3, four strong arms
a: Dig, Shaft Self


You were on level 2 of the Dungeon.
You visited 1 branch of the dungeon, and saw 2 of its levels.

You collected 42 gold pieces.

Inventory:

Hand Weapons
 f - a +2 mace of draining (weapon)
Armour
 a - a +0 robe (worn)
Jewellery
 h - a ring of resist corrosion
Scrolls
 c - 2 scrolls of identify
 d - 2 scrolls of enchant weapon
 e - 2 scrolls of teleportation {unknown}
Potions
 b - a potion of magic
 g - a potion of berserk rage


   Skills:
 + Level 0.3 Fighting
 + Level 0.4 Maces & Flails
 - Level 2.0 Dodging
 + Level 2.8 Stealth
 + Level 2.4 Spellcasting
 + Level 1.4 Transmutations
 + Level 4.3 Poison Magic


You had 5 spell levels left.
You knew the following spells:

 Your Spells              Type           Power      Damage    Failure   Level
a - Sting                 Tmut/Pois      44%        1d5       6%          1

Your spell library contained the following spells:

 Spells                   Type           Power      Damage    Failure   Level
 Poisonous Vapours        Pois/Air       16%        N/A       12%         2
 Mephitic Cloud           Conj/Pois/Air  6%         N/A       32%         3
 Olgreb's Toxic Radiance  Pois           15%        N/A       32%         4
 Ozocubu's Armour         Ice            1%         N/A       52%         3
 Ozocubu's Refrigeration  Ice            0%         4d5       100%        7


Dungeon Overview and Level Annotations

Branches:
Dungeon (2/15)

Altars:
Xom

Annotations:
D:2 Natasha


Innate Abilities, Weirdness & Mutations

You cannot be hasted, slowed, berserked, paralysed or teleported.
You can dig through walls and to a lower floor.
You have a pair of large antennae on your head. (SInv)
Your four strong arms can wield two-handed weapons with a shield.


Message History

The adder is lightly wounded.
Natasha claws you but does no damage. The adder bites you.
You closely miss the adder.
The adder is lightly wounded.
The adder barely misses you.
Natasha stares at you and mumbles some strange words.
Your stasis prevents you from being slowed.
The adder bites you.
You are poisoned.
The adder poisons you! Natasha claws you but does no damage.
Casting: Sting (safe; 6% risk of failure)
Confirm with . or Enter, or press ? or * to list all spells.
Aiming: Sting (safe; 6% risk of failure)
Press: ? - help, Shift-Dir - straight line, f/p - adder
Aim: an adder (lightly wounded, poisoned, 53% to hit)
The sting hits the adder.
The adder looks even sicker.
The adder is moderately wounded.
You feel sick. The adder bites you. Natasha claws you!
It was a potion of berserk rage.
Your stasis prevents you from going berserk.
You feel sick. The adder bites you.
* * * LOW HITPOINT WARNING * * *
You are lethally poisoned!
The adder poisons you! Natasha closely misses you.
As you read the scroll labelled SYHI HAMIUF, it crumbles to dust.
It is a scroll of identify.
d - 2 scrolls of enchant weapon
* * * LOW HITPOINT WARNING * * *
You feel sick. The adder barely misses you. The adder completely misses you.
Natasha barely misses you.
Okay, then.
Are you sure you want to shaft yourself?
Okay, then.
Are you sure you want to shaft yourself?
* * * LOW HITPOINT WARNING * * *
You feel sick. The adder misses you. Natasha barely misses you.
You begin to dig a shaft.
You continue digging a shaft.
* * * LOW HITPOINT WARNING * * *
You feel sick. The adder bites you.
You die...

#.......<#....
##......รท.##.#
###.......#.#
#....)....# #.......###
##############.....##
.................##
#..#####.......#
#.####..@......_....#
.......Sh..#...........
#.####..##.#......###.#
#..##.....#### .#
{...........# .
####.####.#.# #.. ..#.#
.## ..... . #.


You could see Natasha (poisoned) and an adder (poisoned).

Vanquished Creatures
  An adder (D:2)
  2 ball pythons
  2 goblins
  A hobgoblin (D:1)
  A kobold (D:2)
  2 bats (D:1)
  A frilled lizard (D:1)
  2 rats
12 creatures vanquished.

Notes
Turn   | Place    | Note
-------+----------+-------------------------------------------
     0 | D:1      | Klosterheim the Formicid Venom Mage began the quest for the
                  | Orb.
     0 | D:1      | Reached XP level 1. HP: 13/13 MP: 3/3
   195 | D:1      | Reached XP level 2. HP: 19/19 MP: 1/5
   623 | D:2      | Found a faded altar of an unknown god.
   766 | D:2      | Found a shimmering altar of Xom.
   784 | D:2      | Reached XP level 3. HP: 25/25 MP: 6/6
   857 | D:2      | Noticed Natasha
   869 | D:2      | Slain by an adder

Illustrated notes

Levels and vault maps discovered:
D:1:      dpeg_arrival_radiant, layout_basic
D:2:      layout_loops_cross, ebering_ecumenical_altar_sacrificial, basic_altar,
          grunt_ministairs_7, minmay_goblin_outpost, uniq_natasha

Skill      XL: |  1  2 |
---------------+-------+-----
Dodging        | 2 |  2.0
Fighting       | |  0.3
Maces & Flails | |  0.4
Stealth        | |  2.8
Spellcasting   | |  2.4
Transmutations | |  1.4
Poison Magic   | |  4.3

Action                   || total
-------------------------++-------
Melee: Unarmed           ||    10
       Mace              ||     8
 Cast: Sting             ||    15
 Abil: Shaft Self        ||     1
  Use: Scroll            ||     1
       Potion            ||     1
 Stab: Sleeping          ||     2
       Distracted        ||     1
Armor: Robe              ||     8
Dodge: Dodged            ||    22

Table legend: (Time is in decaauts)
 A = Elapsed time spent in this place.
 B = Non-inter-level travel time spent in this place.
 C = Inter-level travel time spent in this place.
 D = Time resting spent in this place.
 E = Time spent auto-exploring this place.
 F = Levels seen in this place.
 G = Mean time per level.
                   A        B        C        D        E       F      G
               +--------+--------+--------+--------+--------+-----+--------+
         Total |    871 |    826 |     45 |    133 |    582 |   2 |  435.5 |
       Dungeon |    871 |    826 |     45 |    133 |    582 |   2 |  435.5 |
               +--------+--------+--------+--------+--------+-----+--------+

Top non-repeatable levels by time:
     D:1: 618 daAuts
     D:2: 253 daAuts
